 Dungeon Sprint DCSS version 0.27-a0-1065-ge809cff456 (webtiles) character file.

Game seed: 1978254815949892109

8783 mhtbhm the Scorcher (level 11, -2/54 HPs)
             Began as a Deep Elf Fire Elementalist on Apr 23, 2021.
             Was the Champion of Vehumet.
             Slain by an angel
             ... wielding a +2 whip of holy wrath
              (35 damage)
             ... in the Dungeon (Sprint V: "Ziggurat Sprint").
             The game lasted 00:04:50 (1245 turns).

mhtbhm the Scorcher (Deep Elf Fire Elementalist)    Turns: 1245, Time: 00:04:50

Health: -2/54      AC:  8    Str:  5    XL:     11   Next: 14%
Magic:  14/33      EV: 16    Int: 36    God:    Vehumet [******]
Gold:   0          SH:  0    Dex: 15    Spells: 20/42 levels left

rFire    + . .     SeeInvis .   C - +8 lance "Wyrmbane" {slay drac, rPois rF+ rC+ AC+3}
rCold    + . .     Faith    .   (no shield)
rNeg     . . .     Spirit   .   a - +0 robe
rPois    +         Reflect  .   (no helmet)
rElec    .         Harm     .   (no cloak)
rCorr    .         Rampage  .   r - +2 pair of gloves {archery}
Will     +....     NoTele   +   (no boots)
Stlth    ++........             (no amulet)
HPRegen  0.18/turn              u - +6 ring of intelligence
MPRegen  0.23/turn              v - +6 ring of intelligence

@: glowing, studying Bows
A: no striking features
a: Renounce Religion


You were in the Dungeon.
You worshipped Vehumet.
Vehumet was exalted by your worship.
You visited 1 branch

Inventory:

Hand Weapons
 C - the +8 lance "Wyrmbane" (weapon) {slay drac, rPois rF+ rC+ AC+3}
   (You found it in the Dungeon)

   It affects your AC (+3).
   It protects you from fire.
   It protects you from cold.
   It protects you from poison.
Missiles
 F - a throwing net (quivered)
Armour
 a - a +0 robe (worn)
 r - a +2 pair of gloves of archery (worn)
Jewellery
 u - a +6 ring of intelligence (left hand)
 v - a +6 ring of intelligence (right hand)
 G - a ring of wizardry
Wands
 y - a wand of mindburst (7)
 z - a wand of iceblast (5)
 A - a wand of acid (6)
Scrolls
 h - 3 scrolls of blinking
 m - 4 scrolls of amnesia
 n - 7 scrolls of fog
 o - a scroll of holy word
 p - 5 scrolls of identify
 q - 2 scrolls of fear
 x - a scroll of brand weapon
Potions
 b - 2 potions of brilliance
 c - 10 potions of curing
 d - 8 potions of heal wounds
 e - 6 potions of haste
 f - 7 potions of magic
 g - 3 potions of berserk rage
 i - 2 potions of invisibility
 j - 4 potions of resistance
 k - a potion of experience
 l - 5 potions of might
Miscellaneous
 s - a phantom mirror
 t - a condenser vane
 w - a box of beasts
 B - a lightning rod (4/4)
 D - a piece from Xom's chessboard (15/15)
 E - a tin of tremorstones (2/2)


   Skills:
 + Level 9.3 Dodging
 - Level 9.9 Stealth
 + Level 16.4 Spellcasting
 + Level 9.4 Conjurations
 + Level 17.8 Fire Magic
 * Level 7.9 Earth Magic
 + Level 8.8 Evocations


You had 20 spell levels left.
You knew the following spells:

 Your Spells              Type           Power      Damage    Failure   Level
a - Foxfire               Conj/Fire      100%       2x1d9     0%          1
b - Conjure Flame         Conj/Fire      91%        6-21      0%          3
c - Inner Flame           Hex/Fire       76%        N/A       1%          3
d - Sticky Flame          Conj/Fire      91%        2d10      1%          4
e - Fireball              Conj/Fire      45%        3d18      1%          5
f - Iron Shot             Conj/Erth      37%        9d7       1%          6

Your spell library contained the following spells:

 Spells                   Type           Power      Damage    Failure   Level
 Iskenderun's Mystic Bla  Conj/Tloc      59%        2d12      1%          4
 Apportation              Tloc           58%        N/A       1%          1
 Freeze                   Ice            100%       1d11      1%          1
 Blink                    Tloc           N/A        N/A       1%          2
 Corpse Rot               Necr/Air       N/A        N/A       1%          2
 Ensorcelled Hibernation  Hex/Ice        58%        N/A       1%          2
 Passwall                 Tmut/Erth      45%        N/A       1%          2
 Poisonous Vapours        Pois/Air       58%        N/A       1%          2
 Sublimation of Blood     Necr           14%        N/A       1%          2
 Hailstorm                Conj/Ice       59%        3d13      1%          4
 Bolt of Magma            Conj/Fire/Erth 42%        4d18      1%          5
 Lee's Rapid Deconstruct  Erth           36%        3d19*     1%          5
 Ignition                 Fire           51%        3d14      1%          8
 Animate Armour           Summ/Erth      100%       N/A       2%          4
 Leda's Liquefaction      Hex/Erth       27%        N/A       2%          4
 Gell's Gravitas          Tloc           14%        N/A       3%          3
 Borgnjor's Vile Clutch   Necr/Erth      27%        N/A       6%          5
 Yara's Violent Unravell  Hex/Tmut       14%        3d7       9%          5
 Animate Dead             Necr           14%        N/A       12%         4
 Cause Fear               Hex            14%        N/A       12%         4
 Dispel Undead            Necr           29%        3d13      12%         4
 Summon Lightning Spire   Summ/Air       29%        N/A       12%         4
 Agony                    Necr           29%        N/A       32%         5
 Excruciating Wounds      Necr           14%        N/A       32%         5
 Silence                  Hex/Air        14%        N/A       32%         5
 Summon Forest            Summ/Tloc      14%        N/A       32%         5
 Statue Form              Tmut/Erth      36%        N/A       34%         6
 Discord                  Hex            14%        N/A       100%        8
 Shatter                  Erth           36%        3d29*     100%        9


Dungeon Overview and Level Annotations

Branches:
Dungeon (1/1)

Altars:
Ashenzari
Cheibriados
Dithmenos
Elyvilon
Fedhas
Gozag
Hepliaklqana
Kikubaaqudgha
Makhleb
Nemelex Xobeh
Okawaru
Qazlal
Ru
Sif Muna
Trog
Uskayaw
Vehumet
Wu Jian
Xom
Yredelemnul
Zin
The Shining One
Beogh
Jiyva
Lugonu

Annotations:
D 1 transporter


Message History

The Shining One smites you!
Unknown command.
Okay, then.
The tremorstone explodes into fragments!
The burst of rock shards engulfs the ophan. x2
The burst of rock shards engulfs the pearl dragon!!
The burst of rock shards engulfs the angel.
The burst of rock shards engulfs the daeva!!
The burst of rock shards engulfs the cherub.
The burst of rock shards engulfs the angel but does no damage.
The burst of rock shards engulfs the ophan!
The burst of rock shards engulfs the ophan.
The burst of rock shards engulfs the angel but does no damage. x2
The burst of rock shards engulfs the pearl dragon!
You kill the pearl dragon!
Vehumet accepts your kill.
You feel your power returning.
The pearl dragon scales are intact enough to wear.
The burst of rock shards engulfs the ophan but does no damage.
The burst of rock shards engulfs the ophan!
The burst of rock shards engulfs the angel!
The burst of rock shards engulfs the daeva!
The burst of rock shards engulfs the cherub.
The burst of rock shards engulfs the angel!
The angel gestures.
The angel is healed somewhat.
The cherub shoots a stone.
The stone hits you!!
* * * LOW HITPOINT WARNING * * *
Your tin of tremorstones (2/2) has regained one charge.
Your condenser vane has recharged.
Your Spellcasting skill increases to level 16!
Your Conjurations skill gained 2 levels and is now at level 9!
Your Earth Magic skill increases to level 7!
You have reached level 11!
Unknown command.
Unknown command.
Unknown command.
You feel much better.
The angel hits you with a +2 whip of holy wrath!!
Ouch! That really hurt!
You die...

▓....)....▓.......▓
▓..)......▓.......▓
▓.........▓.......▓
▓.........▓.▓...▓.▓
▓....©....▓...©...▓
▓▓▓▓▓▓▓▓▓▓▓▓▓▓▓▓▓▓▓
..8©8...▓...8©8...▓
...[)|§§▓...[.|)..▓
▓.§§§|=}A@▓...).))..▓
▓.§§§.G.§§▓....†....▓
▓.......A.▓....†....▓
▓.....G...▓.........▓
▓.....A...▓.........▓
▓.....A...▓.▓.....▓.▓
▓.▓.§§§.▓.▓....©....▓
▓...§©§...▓▓▓▓▓▓▓▓▓▓▓
▓▓▓▓▓▓▓▓▓▓▓


You could see a daeva (strong, corroded), 2 angels, 2 ophanim and a cherub.

Vanquished Creatures
  A pearl dragon (D)
  A hydra (D)
  2 two-headed ogres (D)
  A cyclops (D)
  A cane toad (D)
  A wind drake (D)
  2 polar bears (D)
  A troll (D)
  A jumping spider (D)
  3 merfolk (D)
  A tarantella (D)
  A basilisk (D)
  A small abomination (D)
  A necrophage (D)
  3 wolves (D)
  3 centaurs (D)
  4 ogres (D)
  A phantom (D)
  7 scorpions (D)
  2 crimson imps (D)
  3 orc priests (D)
  2 iguanas (D)
  2 shadow imps (D)
  3 white imps (D)
  An adder zombie (D)
  An orc (D)
  A bat zombie (D)
  A jackal (D)
  A bat simulacrum (D)
  2 giant cockroach zombies (D)
55 creatures vanquished.

Notes
Turn   | Place    | Note
-------+----------+-------------------------------------------
     0 | D        | mhtbhm the Deep Elf Fire Elementalist began the quest for
                  | the Orb.
     0 | D        | Reached XP level 1. HP: 10/10 MP: 6/6
     0 | D        | Found a blossoming altar of Fedhas.
     1 | D        | Found the +6 Majin-Bo {vamp, MP+6 Int+6}
     1 | D        | Found the +9 heavy crossbow "Sniper" {vorpal, Acc+∞ SInv}
     1 | D        | Found the +10 dark maul {vorpal}
     1 | D        | Found the +15 Maxwell's patent armour {-Cast -Tele rElec
                  | Will+ rCorr}
     1 | D        | Found the +18 shield of the Gong {rElec rN+ Will+ EV-5}
     1 | D        | Found the +14 obsidian axe {vorpal, Drain Fly SInv}
     1 | D        | Found the +7 great mace "Firestarter" {inner flame, rF++}
     1 | D        | Found the +6 shillelagh "Devastator" {shatter}
     1 | D        | Found the +11 plutonium sword {Contam Stlth-}
     1 | D        | Found the +8 lance "Wyrmbane" {slay drac, rPois rF+ rC+
                  | AC+3}
     1 | D        | Found the +9 sword of Zonguldrok {reap}
     1 | D        | Found the +13 scythe of Curses {drain, Drain}
     1 | D        | Found the +5 sword of Power {vorpal}
     1 | D        | Found the +7 mace of Variability {chain chaos}
     1 | D        | Found the +7 Singing Sword {vorpal, sonic wave}
     1 | D        | Found the +8 storm bow {elec, penet}
     1 | D        | Found a shimmering blue altar of Sif Muna.
     1 | D        | Found a sacrificial altar of Ru.
     1 | D        | Found a bloodstained altar of Trog.
     1 | D        | Found a stormy altar of Qazlal.
     1 | D        | Found an iron altar of Okawaru.
     1 | D        | Found a sparkling altar of Nemelex Xobeh.
     3 | D        | Found a transporter.
     3 | D        | Found an ancient bone altar of Kikubaaqudgha.
     3 | D        | Found a viscous altar of Jiyva.
     3 | D        | Found a corrupted altar of Lugonu.
     3 | D        | Found a hazy altar of Hepliaklqana.
     3 | D        | Found a burning altar of Makhleb.
     3 | D        | Found an opulent altar of Gozag.
    37 | D        | Became a worshipper of Vehumet
    58 | D        | Entered arena 2.
    58 | D        | Noticed a scorpion
    58 | D        | Noticed a scorpion
    58 | D        | Found a transporter.
    60 | D        | Killed a scorpion
    60 | D        | Killed a scorpion
    61 | D        | Reached skill level 8 in Fire Magic
    61 | D        | Reached XP level 2. HP: 15/15 MP: 7/11
    61 | D        | Reached XP level 3. HP: 19/19 MP: 7/12
    61 | D        | Reached XP level 4. HP: 24/24 MP: 8/14
    65 | D        | Learned a level 3 spell: Conjure Flame
    69 | D        | Learned a level 3 spell: Inner Flame
    74 | D        | Learned a level 4 spell: Sticky Flame
   107 | D        | Entered arena 3.
   107 | D        | Noticed a scorpion
   107 | D        | Noticed a scorpion
   107 | D        | Noticed a scorpion
   107 | D        | Found a transporter.
   108 | D        | Found the ring of the Octopus King {rC+ AC+1 EV+1 Str+1
                  | Int+1 Dex+1}
   108 | D        | Killed a scorpion
   108 | D        | Reached * piety under Vehumet
   108 | D        | Offered knowledge of Sandblast by Vehumet.
   109 | D        | Reached skill level 5 in Dodging
   109 | D        | Reached skill level 5 in Stealth
   109 | D        | Reached skill level 9 in Fire Magic
   109 | D        | Reached skill level 1 in Evocations
   109 | D        | Reached XP level 5. HP: 28/28 MP: 16/16
   111 | D        | Reached skill level 10 in Fire Magic
   111 | D        | Reached XP level 6. HP: 32/32 MP: 17/19
   117 | D        | Learned a level 5 spell: Fireball
   124 | D        | Got a ring of the Octopus King {rC+ AC+1 EV+1 Str+1 Int+1
                  | Dex+1}
   132 | D        | Entered arena 4.
   132 | D        | Noticed a jumping spider
   132 | D        | Noticed a tarantella
   132 | D        | Found a transporter.
   136 | D        | Reached ** piety under Vehumet
   136 | D        | Killed a jumping spider
   137 | D        | Reached skill level 12 in Fire Magic
   137 | D        | Reached XP level 7. HP: 30/36 MP: 17/22
   137 | D        | Killed a tarantella
   138 | D        | Reached skill level 10 in Spellcasting
   189 | D        | Got the Catalogue of the Frigorific Mountains
   294 | D        | Entered arena 5.
   294 | D        | Found a transporter.
   295 | D        | Offered knowledge of Searing Ray by Vehumet.
   295 | D        | Reached *** piety under Vehumet
   296 | D        | Reached skill level 13 in Fire Magic
   318 | D        | Entered arena 6.
   318 | D        | Noticed a polar bear
   318 | D        | Noticed a polar bear
   318 | D        | Found a transporter.
   319 | D        | Reached **** piety under Vehumet
   322 | D        | Killed a polar bear
   322 | D        | Killed a polar bear
   323 | D        | Reached XP level 8. HP: 41/41 MP: 10/25
   407 | D        | Learned a level 6 spell: Iron Shot
   410 | D        | Entered arena 7.
   411 | D        | Reached ***** piety under Vehumet
   412 | D        | Reached skill level 14 in Fire Magic
   414 | D        | Found a transporter.
   589 | D        | Entered arena 8.
   590 | D        | Offered knowledge of Dazzling Flash by Vehumet.
   592 | D        | Reached ****** piety under Vehumet
   593 | D        | Reached skill level 5 in Evocations
   594 | D        | Found a transporter.
   708 | D        | Entered arena 9.
   708 | D        | Noticed a troll
   708 | D        | Noticed a two-headed ogre
   708 | D        | Noticed a two-headed ogre
   710 | D        | Killed a two-headed ogre
   711 | D        | Reached skill level 15 in Fire Magic
   711 | D        | Reached XP level 9. HP: 45/45 MP: 22/27
   713 | D        | Killed a two-headed ogre
   714 | D        | Reached skill level 5 in Conjurations
   714 | D        | Killed a troll
   715 | D        | Reached skill level 16 in Fire Magic
   715 | D        | Found a transporter.
   827 | D        | Got Cawuk's Reference Book on Twisted Air
   944 | D        | Entered arena 10.
   944 | D        | Noticed a merfolk
   944 | D        | Noticed a wind drake
   944 | D        | Noticed a merfolk
   944 | D        | Noticed a cyclops
   944 | D        | Noticed a merfolk
   945 | D        | Identified the +0 long sword of Twilight {antimagic, rC+
                  | Int+3}
   946 | D        | Offered knowledge of Ignite Poison by Vehumet.
   946 | D        | Killed a cyclops
   947 | D        | Killed a merfolk
   948 | D        | Reached XP level 10. HP: 18/50 MP: 26/30
  1048 | D        | Found a transporter.
  1150 | D        | Entered arena 11.
  1150 | D        | Noticed a six-headed hydra
  1150 | D        | Noticed a cane toad
  1151 | D        | Offered knowledge of Iskenderun's Mystic Blast by Vehumet.
  1152 | D        | Killed a cane toad
  1153 | D        | Reached skill level 5 in Earth Magic
  1154 | D        | Killed a six-headed hydra
  1155 | D        | Reached skill level 15 in Spellcasting
  1155 | D        | Reached skill level 17 in Fire Magic
  1157 | D        | Found a transporter.
  1170 | D        | Got the Volume of Analysis
  1234 | D        | Entered arena 12.
  1234 | D        | Noticed an ophan
  1234 | D        | Noticed an angel
  1234 | D        | Noticed a pearl dragon
  1236 | D        | Noticed a daeva
  1236 | D        | Identified the ring of Hipren {Fire Dex+3}
  1236 | D        | Noticed a cherub
  1237 | D        | Noticed an angel
  1237 | D        | Noticed an ophan
  1242 | D        | Found a transporter.
  1244 | D        | Killed a pearl dragon
  1245 | D        | Reached XP level 11. HP: 14/54 MP: 14/33
  1245 | D        | Slain by an angel

Illustrated notes

Levels and vault maps discovered:
D:        sprint_v [room_start, room_1, room_2, room_3, room_4, room_5, room_6,
          room_7, room_8, room_9, room_10, room_11, room_12, room_13, room_14,
          room_15, room_16, room_17, room_18, room_19, room_20, room_21,
          room_22, room_23, room_24, room_25, room_26, room_27]

Skill      XL: |  1  2  3  4  5  6  7  8  9 10 |
---------------+-------------------------------+-----
Dodging        | 4 5 6 7 8 9 |  9.3
Stealth        | 4 5 6 7 8 9 |  9.9
Spellcasting   | 6 8 9 11 12 14 16 | 16.4
Fire Magic     | 8 9 10 12 13 15 16 17 | 17.8
Evocations     | 1 3 4 5 7 8 |  8.8
Conjurations   | 2 3 4 5 9 |  9.4
Earth Magic    | 3 7 |  7.9

Action                   |  1- 3 |  4- 6 |  7- 9 | 10-12 || total
-------------------------+-------+-------+-------+-------++-------
 Cast: Fireball          |       |       |    16 |    16 ||    32
       Sticky Flame      |       |       |     1 |       ||     1
Evoke: Wand              |     1 |     1 |       |     1 ||     3
       Lightning rod     |     1 |     4 |     4 |       ||     9
       Condenser vane    |       |     1 |     2 |     1 ||     4
       Tin of tremorston |       |       |       |     1 ||     1
  Use: Potion            |       |       |       |     2 ||     2
       Scroll            |       |       |       |     1 ||     1
Armor: Robe              |       |       |     1 |       ||     1
Dodge: Dodged            |       |       |     2 |     2 ||     4

Table legend: (Time is in decaauts)
 A = Elapsed time spent in this place.
 B = Non-inter-level travel time spent in this place.
 C = Inter-level travel time spent in this place.
 D = Time resting spent in this place.
 E = Time spent auto-exploring this place.
 F = Levels seen in this place.
 G = Mean time per level.
                   A        B        C        D        E       F      G
               +--------+--------+--------+--------+--------+-----+--------+
         Total |   1243 |   1243 |      0 |    886 |      0 |   1 | 1243.0 |
       Dungeon |   1243 |   1243 |      0 |    886 |      0 |   1 | 1243.0 |
               +--------+--------+--------+--------+--------+-----+--------+

Top non-repeatable levels by time:
       D: 1243 daAuts
